 Dungeon Crawl Stone Soup version 0.31-a0-986-g5e6e4ef867 (webtiles) character file.

Game seed: 6711923794283132685

444 whatisthis the Ruffian (level 7, -2/64 HPs)
             Began as a Ghoul Monk on Nov 21, 2023.
             Was an Initiate of Kikubaaqudgha.
             Slain by a gnoll
             ... wielding a +0 halberd
             ... led by a gnoll bouda
              (8 damage)
             ... on level 4 of the Dungeon.
             The game lasted 00:10:58 (2528 turns).

whatisthis the Ruffian (Ghoul Monk)                 Turns: 2528, Time: 00:10:59

Health: -2/64      AC:  4    Str: 17    XL:     7   Next: 3%
Magic:  6/6        EV: 27    Int:  5    God:    Kikubaaqudgha [......]
Gold:   144        SH:  0    Dex: 11    Spells: 6/6 levels left

rFire   . .          .
                       - Unarmed
rCold   + . .        c - orb {light}
rNeg    + + +        j - +0 leather armour
rPois   ∞            (no helmet)
rElec   .            q - +0 cloak
rCorr   .            (no gloves)
SInv    .            (no boots)
Will    .....        g - amulet of the acrobat
Stlth   +            (no ring)
HPRegen 0.00/turn    (no ring)
MPRegen 0.10/turn

%: acrobat
@: weakened, acrobatic, inhibited regen, glowing
A: claws 1, cold resistance 1, negative energy resistance 3, inhibited
regeneration, torment resistance 2, devour on kill
a: Renounce Religion


You were on level 4 of the Dungeon.
You worshipped Kikubaaqudgha.
Kikubaaqudgha was noncommittal.
You visited 1 branch of the dungeon, and saw 4 of its levels.

You collected 144 gold pieces.

Inventory:

Missiles
 d - 38 stones (quivered)
Armour
 c - an orb of light (worn)
 j - a +0 leather armour (worn)
 q - a +0 cloak (worn)
 r - a +0 ring mail
Jewellery
 g - an amulet of the acrobat (around neck)
Scrolls
 h - a scroll of revelation {unknown}
 i - 2 scrolls of teleportation {unknown}
 k - a scroll of brand weapon {unknown}
 m - a scroll of identify {unknown}
 o - a scroll of enchant weapon {unknown}
Potions
 a - a potion of curing {unknown}
 b - 2 potions of ambrosia
 e - 2 potions of invisibility {unknown}
 f - 2 potions of degeneration {unknown}
 l - 2 potions of might {unknown}
 n - a potion of brilliance {unknown}
 p - a potion of magic {unknown}
 s - a potion of attraction {unknown}


   Skills:
 + Level 6.3 Fighting
 - Level 2.6 Dodging
 + Level 6.3 Unarmed Combat


You had 6 spell levels left.
You didn't know any spells.
Your spell library contained the following spells:

 Spells                   Type           Power      Damage    Failure   Level
 Hailstorm                Conj/Ice       0%         3d3       89%         3
 Petrify                  Tmut/Erth      0%         N/A       100%        4
 Summon Ice Beast         Ice/Summ       0%         N/A       100%        4
 Irradiate                Conj/Tmut      0%         3d11      100%        5
 Simulacrum               Ice/Necr       0%         N/A       100%        6
 Sublimation of Blood     Necr           Unusable   N/A       N/A         2

Dungeon Overview and Level Annotations

Branches:
Dungeon (4/15)
 Temple: D:4-7

Altars:
Ashenzari
Fedhas
Kikubaaqudgha
Uskayaw
Xom

Shops:
D:2 [:

Annotations:
D:2 Robin


Innate Abilities, Weirdness & Mutations

You are immune to poison.
You have sharp fingernails.
Your flesh is cold resistant. (rC+)
You are immune to negative energy. (rN+++)
You do not regenerate when monsters are visible.
You are immune to unholy pain and torment.
You thrive by killing the living.


Message History

The gnoll bouda barks out a call to the hunt!
The gnolls pick up the pace!
You scratch the gnoll.
You kill the gnoll!
Kikubaaqudgha accepts your kill. The gnoll closely misses you. x2
You have reached level 7!
You scratch the gnoll.
The gnoll is moderately wounded.
The gnoll misses you.
The gnoll hits you from afar with a +0 halberd.
* * * LOW HITPOINT WARNING * * *
Okay, then.
You claw the gnoll!
You kill the gnoll!
Kikubaaqudgha accepts your kill.
The gnoll hits you from afar with a +0 halberd!
* * * LOW HITPOINT WARNING * * *
The gnoll bouda gazes fiercely through you!
You feel your attacks grow feeble.
Things that are here:
a +0 club; a gnoll corpse The gnoll closely misses you.
Your attacks no longer feel as feeble.
The gnoll attacks as it pursues you! The gnoll misses you.
The gnoll barely misses you.
The gnoll is no longer moving quickly.
The gnoll is no longer moving quickly. x2; The gnoll attacks as it pursues you!
The gnoll completely misses you. The gnoll attacks as it pursues you!
The gnoll completely misses you.
The gnoll bouda gazes fiercely through you!
You feel your attacks grow feeble.
The gnoll bouda barks out a call to the hunt!
The gnolls pick up the pace!
Things that are here:
a +0 club; a hobgoblin corpse The gnoll attacks as it pursues you!
The gnoll hits you from afar with a +0 halberd!
You die...
Kikubaaqudgha rasps: "You have failed me!
Welcome... oblivion!"

#.# #># #..............
#.# #.### ###########.###.
#.# #...###...# #.###.
#.###.#.......# #.....
#.....####....############
#####...##.....#..........
###..##...............
##.##...##.######...
#.@).......#####...
####g.........##...
#.......##.##...
###........##...
#.....##.##...
###..g.....##...
#......g......##
#...............
#...............


You could see 2 gnolls.

Vanquished Creatures
  Grinder (D:3)
  2 hounds (D:4)
  A sleepcap (D:4)
  Jessica (D:2)
  Terence (D:3)
  2 gnolls (D:4)
  3 adders
  A dart slug (D:1)
  4 orcs
  8 endoplasms
  3 giant cockroaches
  5 hobgoblins
  4 jackals (D:1)
  5 kobolds
  A quokka (D:4)
  3 ball pythons
  2 bats
  2 frilled lizards
  12 goblins
  5 rats
66 creatures vanquished.

Notes
Turn   | Place    | Note
-------+----------+-------------------------------------------
     0 | D:1      | whatisthis the Ghoul Monk began the quest for the Orb.
     0 | D:1      | Reached XP level 1. HP: 19/19 MP: 0/0
   231 | D:1      | Reached XP level 2. HP: 26/26 MP: 1/1
   585 | D:1      | Found a faded altar of an unknown god.
   860 | D:1      | Prayed at the altar of an unknown god.
   860 | D:1      | Became a worshipper of Xom of Chaos
   873 | D:1      | XOM: divination: magic mapping
   908 | D:2      | XOM: divination: magic mapping
   935 | D:2      | Reached XP level 3. HP: 33/33 MP: 2/2
   937 | D:2      | Noticed Jessica
  1079 | D:2      | Found a broken altar of Ashenzari.
  1135 | D:2      | Found Luyteyl's Antique Armour Shoppe.
  1269 | D:2      | Found Cupaedd's Book Shoppe.
  1305 | D:2      | Noticed Robin
  1453 | D:2      | Killed Jessica
  1454 | D:2      | Reached XP level 4. HP: 37/41 MP: 3/3
  1488 | D:3      | XOM: 2-stop teleportation journey
  1595 | D:3      | XOM: divination: detect items
  1651 | D:3      | Found an ancient bone altar of Kikubaaqudgha.
  1651 | D:3      | Noticed Grinder
  1653 | D:3      | Paralysed by Grinder for 2 turns
  1673 | D:3      | Killed Grinder
  1674 | D:3      | Reached skill level 5 in Fighting
  1674 | D:3      | Reached skill level 5 in Unarmed Combat
  1674 | D:3      | Reached XP level 5. HP: 36/50 MP: 4/4
  1674 | D:3      | Reached XP level 6. HP: 41/57 MP: 5/5
  1755 | D:3      | Fell from the grace of Xom
  1755 | D:3      | Became a worshipper of Kikubaaqudgha
  1894 | D:3      | Noticed Terence
  1908 | D:3      | Killed Terence
  1973 | D:3      | Found a hide-covered altar of Uskayaw.
  2205 | D:3      | Found a blossoming altar of Fedhas.
  2491 | D:4      | Found a broken altar of Ashenzari.
  2504 | D:4      | Reached XP level 7. HP: 24/64 MP: 6/6
  2528 | D:4      | Slain by a gnoll

Illustrated notes

Levels and vault maps discovered:
D:1:      lightli_arrival_isolated_outpost, layout_basic,
          hellmonk_ecumenical_altar_heavens_door
D:2:      layout_basic, serial_shops, shop, shop, basic_altar,
          serial_park_tiny_pond, amethyst_killhole, uniq_jessica, uniq_robin
D:3:      layout_loops_ring, fedhas_altar_fruit_tree,
          mainiacjoe_overflow_catch_the_wave, nicolae_uskayaw_dance_hall,
          uniq_terence, uniq_grinder
D:4:      layout_basic, okawaru_altar_gauntlet_db, nicolae_ashenzari_skybound,
          mainiacjoe_overflow_tiny_flanked, minmay_misc_feat_five, uniq_sigmund

Skill      XL: |  1  2  3  4  5  6 |
---------------+-------------------+-----
Fighting       | 4 5 6 |  6.3
Unarmed Combat | 4 5 6 |  6.3
Dodging        | |  2.6

Action                     |  1- 3 |  4- 6 |  7- 9 || total
---------------------------+-------+-------+-------++-------
  Melee: Unarmed           |    71 |    73 |     2 ||   146
  Evoke: Wand              |       |     4 |       ||     4
 Armour: Robe              |     6 |       |       ||     6
         Leather armour    |    22 |    27 |     3 ||    52
  Dodge: Dodged            |    48 |    54 |     6 ||   108

Table legend: (Time is in decaauts)
 A = Elapsed time spent in this place.
 B = Non-inter-level travel time spent in this place.
 C = Inter-level travel time spent in this place.
 D = Time resting spent in this place.
 E = Time spent auto-exploring this place.
 F = Levels seen in this place.
 G = Mean time per level.
                   A        B        C        D        E       F      G
               +--------+--------+--------+--------+--------+-----+--------+
         Total |   2525 |   2393 |    132 |     41 |   1629 |   4 |  631.2 |
       Dungeon |   2525 |   2393 |    132 |     41 |   1629 |   4 |  631.2 |
               +--------+--------+--------+--------+--------+-----+--------+

Top non-repeatable levels by time:
     D:1: 910 daAuts
     D:3: 781 daAuts
     D:2: 583 daAuts
     D:4: 249 daAuts
